 Dungeon Crawl Stone Soup version 0.26-a0-610-g3e9335b (webtiles) character file.

Game seed: 9191678911055714847

235 Hazorath the Ducker (level 5, -2/25 HPs)
             Began as a Spriggan Gladiator on Sept 2, 2020.
             Killed by divine providence
             ... invoked by an orc priest
              (11 damage)
             ... on level 4 of the Dungeon.
             The game lasted 00:09:43 (4073 turns).

Hazorath the Ducker (Spriggan Gladiator)            Turns: 4073, Time: 00:09:44

Health: -2/25      AC:  2    Str: 10    XL:     5   Next: 76%
Magic:  6/6        EV: 21    Int: 11    God:
Gold:   165        SH:  0    Dex: 17    Spells: 4/4 levels left

rFire    . . .     SeeInvis +   a - +1 rapier
rCold    . . .     Faith    .   (shield restricted)
rNeg     . . .     Spirit   .   j - +0 robe
rPois    .         Reflect  .   c - +0 hat
rElec    .         Harm     .   (no cloak)
rCorr    .                      (gloves unavailable)
MR       .....                  (boots unavailable)
Stlth    +++.......             (no amulet)
HPRegen  0.08/turn              (no ring)
MPRegen  0.10/turn              (no ring)

@: very quick
A: very small, unfitting armour, see invisible, speed 3
a: no special abilities


You were on level 4 of the Dungeon.
You visited 1 branch of the dungeon, and saw 4 of its levels.

You collected 165 gold pieces.

Inventory:

Hand Weapons
 a - a +1 rapier (weapon)
 b - a +0 hunting sling
Missiles
 d - 3 throwing nets (quivered)
 k - 17 stones
 q - 19 sling bullets
Armour
 c - a +0 hat (worn)
 j - a +0 robe (worn)
Wands
 r - a wand of polymorph (1)
Scrolls
 h - a scroll of amnesia
 i - a scroll of remove curse
 n - a scroll of blinking
Potions
 e - a potion of invisibility
 f - 2 potions of stabbing
 g - a potion of resistance
 l - a potion of mutation
 o - 3 potions of curing
 p - a potion of ambrosia


   Skills:
 - Level 1.5 Fighting
 * Level 5.7 Short Blades
 - Level 2.0 Throwing
 + Level 5.8 Dodging
 + Level 4.2 Stealth


You had 4 spell levels left.
You didn't know any spells.
Your spell library was empty.

Dungeon Overview and Level Annotations

Branches:
Dungeon (4/15)
 Temple: D:4-7

Altars:

Annotations:
D:3 3 runed translucent doors, DasBelly's ghost, amateur DEFE


Innate Abilities, Weirdness & Mutations

You are very small and have problems with some larger weapons.
You are too small for most types of armour.
You have supernaturally acute eyesight. (SInv)
You cover ground extremely quickly.


Message History

An orc priest is nearby!
You hit the orc priest.
The orc priest is moderately wounded.
The orc priest hits you with a +0 hand axe.
You closely miss the orc priest.
The orc priest is moderately wounded.
The orc priest closely misses you.
You hit the orc priest.
The orc priest is heavily wounded.
The orc priest hits you with a +0 hand axe.
You closely miss the orc priest.
The orc priest is moderately wounded.
The orc priest hits you with a +0 hand axe.
You hit the orc priest.
The orc priest is heavily wounded.
You hit the orc priest.
The orc priest is severely wounded.
The orc priest calls down the wrath of Beogh upon you.
Beogh smites you!
You die...

### ..### #.#. #########
#.. ........# #.#####
.#######.#
#.....##..#######.#
#..o@<............#
#?...#.###########.#
#...#.#.# #.#
..(...#.#.## #.#
##.#.##.#..### ##.###
#.#.........# ##.....
.......##.#.# #..#..#
##.#.#..##.#.######.###.#
# #o. #.#.........#...


You could see an orc priest.

Vanquished Creatures
  Jessica (D:3)
  Ijyb (D:2)
  2 orc wizards
  3 gnolls (D:2)
  2 adders
  An ooze (D:2)
  2 leopard geckos
  11 orcs
  2 ball pythons
  10 bats
  4 giant cockroaches
  9 hobgoblins
  3 frilled lizards
  4 goblins
  8 kobolds
  9 rats
72 creatures vanquished.

Notes
Turn   | Place    | Note
-------+----------+-------------------------------------------
     0 | D:1      | Hazorath the Spriggan Gladiator began the quest for the
                  | Orb.
     0 | D:1      | Reached XP level 1. HP: 10/10 MP: 2/2
    64 | D:1      | Reached skill level 1 in Stealth
   166 | D:1      | Reached XP level 2. HP: 10/14 MP: 3/3
   739 | D:2      | Reached XP level 3. HP: 16/18 MP: 4/4
  1304 | D:2      | Reached skill level 5 in Dodging
  1304 | D:2      | Reached XP level 4. HP: 8/22 MP: 5/5
  1970 | D:3      | Noticed Ijyb
  2039 | D:3      | Noticed Jessica
  2229 | D:2      | Killed Ijyb
  2229 | D:2      | Reached skill level 5 in Short Blades
  2277 | D:3      | Reached XP level 5. HP: 18/25 MP: 6/6
  2984 | D:3      | Killed Jessica
  3067 | D:3      | Found a runed translucent gate.
  3067 | D:3      | Found a runed translucent gate.
  3067 | D:3      | Found a runed translucent gate.
  3395 | D:3      | Noticed DasBelly's ghost (amateur DEFE)
  4073 | D:4      | Killed from afar by an orc priest

Illustrated notes

Levels and vault maps discovered:
D:1:      tarquinn_simple_flora_water_f, layout_basic
D:2:      layout_basic
D:3:      layout_rooms, gammafunk_ghost_necromancy, minmay_misc_feat_enclosed,
          uniq_jessica, uniq_ijyb
D:4:      layout_loops_ring, uniq_eustachio

Skill      XL: |  1  2  3  4  5 |
---------------+----------------+-----
Stealth        | 1 2 3 4 |  4.2
Short Blades   | 4 5 |  5.7
Dodging        | 5 |  5.8
Fighting       | |  1.5
Throwing       | |  2.0

Action                   |  1- 3 |  4- 6 || total
-------------------------+-------+-------++-------
Melee: Rapier            |   102 |   138 ||   240
       Unarmed           |       |     4 ||     4
 Fire: Hunting sling     |     4 |    23 ||    27
  Use: Scroll            |     4 |    12 ||    16
 Stab: Sleeping          |     4 |     3 ||     7
Armor: Robe              |    21 |     6 ||    27
       Skin              |       |     1 ||     1
Dodge: Dodged            |    87 |   101 ||   188

Table legend: (Time is in decaauts)
 A = Elapsed time spent in this place.
 B = Non-inter-level travel time spent in this place.
 C = Inter-level travel time spent in this place.
 D = Time resting spent in this place.
 E = Time spent auto-exploring this place.
 F = Levels seen in this place.
 G = Mean time per level.
                   A        B        C        D        E       F      G
               +--------+--------+--------+--------+--------+-----+--------+
         Total |   3328 |   3147 |    181 |    686 |   1808 |   4 |  832.0 |
       Dungeon |   3328 |   3147 |    181 |    686 |   1808 |   4 |  832.0 |
               +--------+--------+--------+--------+--------+-----+--------+

Top non-repeatable levels by time:
     D:3: 1380 daAuts
     D:2: 1062 daAuts
     D:1: 569 daAuts
     D:4: 315 daAuts
